 Dungeon Crawl Stone Soup version 0.21.1-1-g345015f (webtiles) character file.

145 Kairos the Shield-Bearer (level 5, -10/41 HPs)
             Began as a Human Fighter on Apr 1, 2018.
             Mangled by Kairos's ghost (15 damage)
             ... on level 3 of the Dungeon.
             The game lasted 00:03:17 (2315 turns).

Kairos the Shield-Bearer (Human Fighter)            Turns: 2315, Time: 00:03:17

Health: -10/41     AC:  7    Str: 19    XL:     5   Next: 53%
Magic:  5/5        EV:  7    Int:  9    God:
Gold:   141        SH:  9    Dex: 13    Spells: 4/4 levels left

rFire    . . .     SeeInvis .   m - +1 hand axe (drain)
rCold    . . .     Gourm    .   c - +0 shield
rNeg     . . .     Faith    .   b - +0 scale mail
rPois    .         Spirit   .   (no helmet)
rElec    .         Reflect  .   (no cloak)
rCorr    .         Harm     .   e - +0 pair of gloves
MR       .....                  (no boots)
Stlth    ..........             (no amulet)
HPRegen  0.13/turn              n - +3 ring of strength (curse)
MPRegen  0.09/turn              q - ring of loudness (curse)

@: drained
A: no striking features
a: no special abilities


You were on level 3 of the Dungeon.
You were hungry.

You visited 1 branch of the dungeon, and saw 3 of its levels.

You collected 141 gold pieces.

Inventory:

Hand Weapons
 a - a +1 war axe
 m - a +1 hand axe of draining (weapon)
Armour
 b - a +0 scale mail (worn)
 c - a +0 shield (worn)
 e - a +0 pair of gloves (worn)
Jewellery
 n - a cursed +3 ring of strength (left hand)
 q - a cursed ring of loudness (right hand)
Scrolls
 h - 2 scrolls of identify
 l - a scroll of enchant armour
Potions
 d - a potion of might
 g - 3 potions of lignification {unknown}
 i - 2 potions of resistance {unknown}
 j - a potion of agility {unknown}
 k - a potion of heal wounds {unknown}
 p - 2 potions of cancellation {unknown}
Comestibles
 f - 4 rations


   Skills:
 + Level 3.2(2.7) Fighting
 + Level 3.8(3.3) Axes
 + Level 3.7(3.1) Armour
 + Level 0.5(0.0) Dodging
 + Level 3.8(3.3) Shields


You had 4 spell levels left.
You didn't know any spells.

Dungeon Overview and Level Annotations

Branches:
Dungeon (3/15)

Altars:
Makhleb

Annotations:
D:3 Kairos's ghost, amateur HuFi


Message History

You are too injured to fight recklessly!
You are too injured to fight recklessly!
You are too injured to fight recklessly!
Kairos's ghost hits you!
* * * LOW HITPOINT WARNING * * *
An orc comes into view. It is wielding a whip.
The orc shouts!
You hear a shout!
An orc comes into view. It is wielding a short sword.
Kairos's ghost wails, "You will join me soon!"
Found a stone staircase leading down.
An orc comes into view. It is wielding a short sword.
An orc comes into view. It is wielding a hand axe.
An orc comes into view. It is wielding a hand axe.
The orc shouts!
The orc hits you with a whip.
* * * LOW HITPOINT WARNING * * *
The orc throws an exploding tomahawk.
The exploding tomahawk barely misses you.
The exploding tomahawk explodes!
Kairos's ghost hits you!
You die...

......* ############,*
.##.#.## #..........#,*
###.#..### #........>.#,*
###.##...### #..........#,*
....####...###......o.o..,*
......####..##...........**
.....................o...*
................W.o......*
..)....#####.#..@o.......*
.....#.#* #.............*
.....#..## ###...........*
......#..# #.#########.****
.........## #..* *,,,,,,,*
......#...# ##.### *,,,,,,,*
.....###..#####...##*,,,,,,,*
....................,,,,,,,,*
#####..........#...#*,,,,,,,*


You could see Kairos's ghost and 5 orcs.

Vanquished Creatures
  A hound (D:2)
  3 adders
  An ooze (D:1)
  4 worms
  4 dart slugs (D:1)
  A leopard gecko (D:2)
  4 orcs (D:3)
  2 giant cockroaches
  6 goblins
  8 hobgoblins
  7 jackals (D:1)
  A ball python (D:2)
  3 bats
  4 frilled lizards
  5 kobolds
  9 rats
63 creatures vanquished.

Notes
Turn   | Place    | Note
-------+----------+-------------------------------------------
     0 | D:1      | Kairos the Human Fighter began the quest for the Orb.
     0 | D:1      | Reached XP level 1. HP: 18/18 MP: 1/1
    85 | D:1      | Reached XP level 2. HP: 22/24 MP: 2/2
   110 | D:1      | Reached XP level 3. HP: 20/29 MP: 3/3
   863 | D:2      | Reached XP level 4. HP: 28/35 MP: 4/4
  1516 | D:3      | Reached XP level 5. HP: 14/41 MP: 5/5
  1585 | D:3      | Noticed Kairos's ghost (amateur HuFi)
  1865 | D:3      | Found a burning altar of Makhleb.
  2315 | D:3      | Mangled by Kairos's ghost

Skill      XL: |  1  2  3 |
---------------+----------+-----
Axes           | 3 |  3.8
Fighting       | |  3.2
Armour         | |  3.7
Dodging        | |  0.5
Shields        | |  3.8

Action                   |  1- 3 |  4- 6 || total
-------------------------+-------+-------++-------
Melee: War axe           |    96 |   100 ||   196
       Hand axe          |       |     7 ||     7
  Use: Scroll            |       |     4 ||     4
  Eat: Chunk             |       |     4 ||     4
Armor: Scale mail        |    50 |    60 ||   110
Dodge: Dodged            |    33 |    37 ||    70
Block: Shield            |    51 |    55 ||   106
